 Dungeon Crawl Stone Soup version 0.23.2-33-g5129a83184 (webtiles) character file.

Game seed: 2843490824177160606

49 DildoBatman the Magician (level 4, 0/30 HPs)
             Began as a Formicid Wizard on July 8, 2019.
             Slain by Jessica (5 damage)
             ... on level 2 of the Dungeon.
             The game lasted 00:03:45 (1100 turns).

DildoBatman the Magician (Formicid Wizard)          Turns: 1100, Time: 00:03:45

Health: 0/30       AC:  4    Str: 12    XL:     4   Next: 1%
Magic:  8/8        EV: 12    Int: 22    God:
Gold:   133        SH:  0    Dex:  9    Spells: 2/9 levels left

rFire    . . .     SeeInvis +   a - +2 short sword (speed)
rCold    . . .     Gourm    .   (no shield)
rNeg     . . .     Faith    .   p - +0 robe (curse)
rPois    .         Spirit   .   (helmet unavailable)
rElec    .         Reflect  .   (no cloak)
rCorr    .         Harm     .   l - +1 pair of gloves
MR       .....                  (no boots)
Stlth    ++........             (no amulet)
HPRegen  0.10/turn              c - ring of teleportation (curse)
MPRegen  0.11/turn              q - +4 ring of intelligence

@: no status effects
A: permanent stasis, dig shafts and tunnels, four strong arms, antennae 3
a: Dig, Shaft Self


You were on level 2 of the Dungeon.
You were not hungry.

You visited 1 branch of the dungeon, and saw 2 of its levels.

You collected 133 gold pieces.

Inventory:

Hand Weapons
 a - a +2 short sword of speed (weapon)
Missiles
 e - 5 curare-tipped needles
 f - 45 stones (quivered)
 m - 22 arrows
Armour
 l - a +1 pair of gloves (worn)
 p - a cursed +0 robe (worn)
Jewellery
 c - a cursed ring of teleportation (left hand)
 j - an uncursed ring of ice
 q - a +4 ring of intelligence (right hand)
Scrolls
 d - 2 scrolls of identify {unknown}
 i - a scroll of teleportation {unknown}
 k - 2 scrolls of enchant armour {unknown}
Potions
 g - a potion of resistance {unknown}
 h - a potion of agility {unknown}
 n - 2 potions of cancellation {unknown}
 o - a potion of haste {unknown}
Comestibles
 b - a chunk of flesh
 v - a ration


   Skills:
 - Level 1.7 Dodging
 - Level 2.4 Stealth
 - Level 3.2 Spellcasting
 * Level 3.2 Conjurations
   Level 1.0 Summonings
   Level 0.8 Translocations


You had 2 spell levels left.
You knew the following spells:

 Your Spells              Type           Power        Failure   Level  Hunger
a - Conjure Flame         Conj/Fire      ##......     19%         3    ###....
c - Magic Dart            Conj           ###.         3%          1    None
e - Mephitic Cloud        Conj/Pois/Air  #.......     24%         3    ###....

Your spell library contained the following spells:

 Spells                   Type           Power        Failure   Level  Hunger
 Call Imp                 Summ           #.......     12%         2    ##.....
 Slow                     Hex            #.......     19%         2    ##.....
 Blink                    Tloc           Unusable     N/A         2    N/A

Dungeon Overview and Level Annotations

Branches:
Dungeon (2/15)

Altars:

Annotations:
D:2 Jessica, Robin


Innate Abilities, Weirdness & Mutations

You cannot be hasted, slowed, berserked, paralysed or teleported.
You can dig through walls and to a lower floor.
Your four strong arms can wield two-handed weapons with a shield.
You have a pair of large antennae on your head. (SInv)


Message History

Orders for allies: a - Attack new target. r - Retreat! s - Stop attacking. g - Guard the area. f - Follow me.
Anything else - Cancel.
You shout for attention!
You hear a shout!
Robin closely misses you. Jessica hits you. What are your orders? t - Shout!
Orders for allies: a - Attack new target. r - Retreat! s - Stop attacking. g - Guard the area. f - Follow me.
Anything else - Cancel.
You shout for attention!
Jessica points at you and mumbles some strange words.
Pain shoots through your body! Robin barely misses you. Jessica hits you.
You die...

####### ......# ### #####.#
##.# #.# ##)## ####.######
##.#@#####. #.........#
#..@.......# #.##.####.#
#g########## # #..#
#.###{##### +#
#.###.###...{{{.{.# {g.
#.........###{###.# ..gg
#.###.###.# #{#{#{# ..g..
.... ..###....{###.....g
.................{{{{{{...
#...##.###.###.....###......


You could see Robin and Jessica.

Vanquished Creatures
  2 adders (D:2)
  A dart slug (D:1)
  7 goblins
  4 hobgoblins
  3 kobolds
  4 bats
  2 frilled lizards
  5 rats
28 creatures vanquished.

Notes
Turn   | Place    | Note
-------+----------+-------------------------------------------
     0 | D:1      | DildoBatman the Formicid Wizard began the quest for the
                  | Orb.
     0 | D:1      | Reached XP level 1. HP: 13/13 MP: 4/4
    96 | D:1      | Reached skill level 1 in Conjurations
   220 | D:1      | Reached XP level 2. HP: 17/19 MP: 1/6
   750 | D:1      | Reached XP level 3. HP: 24/24 MP: 3/7
   755 | D:1      | Learned a level 3 spell: Conjure Flame
   759 | D:1      | Learned a level 3 spell: Mephitic Cloud
  1063 | D:2      | Noticed Jessica
  1066 | D:2      | Noticed Robin
  1086 | D:2      | Reached XP level 4. HP: 30/30 MP: 6/8
  1100 | D:2      | Slain by Jessica

Skill      XL: |  1  2  3 |
---------------+----------+-----
Conjurations   | 1 2 3 |  3.2
Dodging        | |  1.7
Stealth        | |  2.4
Spellcasting   | |  3.2
Summonings     | |  1.0
Translocations | |  0.8

Action                   |  1- 3 |  4- 6 || total
-------------------------+-------+-------++-------
Melee: Dagger            |    29 |       ||    29
       Short sword       |     3 |       ||     3
 Cast: Magic Dart        |    57 |       ||    57
 Abil: Dig               |     2 |     2 ||     4
 Stab: Sleeping          |     2 |       ||     2
  Eat: Chunk             |     1 |       ||     1
Armor: Robe              |    15 |     6 ||    21
Dodge: Dodged            |    39 |    12 ||    51
